 Dungeon Crawl Stone Soup version 0.32-a0-893-gf85d74f360 (webtiles) character file.

Game seed: 15639019767805969387

100306 pokedragonboy the Blinker (level 16, -3/159 HPs)
             Began as a Naga Warper on Apr 3, 2024.
             Was the Champion of Cheibriados.
             Slain by a shock serpent (14 damage)
             ... on level 1 of the Snake Pit.
             The game lasted 02:31:16 (24242 turns).

pokedragonboy the Blinker (Naga Warper)            Turns: 24242, Time: 02:31:17

Health: -3/159     AC: 16    Str: 39    XL:     16   Next: 27%
Magic:  8/30       EV: 17    Int: 38    God:    Cheibriados [******]
Gold:   1706       SH:  0    Dex: 26    Spells: 1/36 levels left

rFire   . . .        R - +10 spear of Duopumus {freeze, rF- rN+ Str+3 Int+3}
rCold   + + .        I - orb {*channel}
rNeg    + + .        J - +5 plate armour {rC+}
rPois   +            O - +1 hat
rElec   .            T - scarf {rC+ rF+}
rCorr   .            (no gloves)
SInv    +            (no barding)
Will    ++...        q - amulet of regeneration Stlth
                     E - +5 ring of evasion
HPRegen 1.26/turn    s - ring of Circularity {rN+ EV+5 Int+6}
MPRegen 0.22/turn

%: channel magic (20%)
@: invisible, very slow
A: AC +5, large, see invisible, deformed body, poison resistance, slowness 2,
spit poison 1, naga tail 2
a: Spit Poison, Renounce Religion, Bend Time, Temporal Distortion, Slouch, Step
From Time


You were on level 1 of the Snake Pit.
You worshipped Cheibriados.
Cheibriados was exalted by your worship.
You visited 5 branches of the dungeon, and saw 24 of its levels.
You also visited: Sewer.

You collected 2574 gold pieces.
You spent 868 gold pieces at shops.

Inventory:

Hand Weapons
 R - the +10 spear of Duopumus (weapon) {freeze, rF- rN+ Str+3 Int+3}
   (You found it on level 12 of the Dungeon)

   Str+3:     It affects your strength (+3).
   Int+3:     It affects your intelligence (+3).
   rF-:       It makes you vulnerable to fire.
   rN+:       It protects you from negative energy.
Missiles
 d - 7 darts of dispersal
 U - 6 throwing nets
Armour
 I - an orb of energy (worn)
 J - a +5 plate armour of cold resistance (worn)
 O - a +1 hat (worn)
 Q - a +0 buckler
 T - a scarf of resistance (worn)
Jewellery
 g - a ring of protection from fire
 h - a ring of flight
 n - a ring of protection from cold
 q - an amulet of regeneration (around neck)
 s - the ring of Circularity (right hand) {rN+ EV+5 Int+6}
   (You found it on level 3 of the Dungeon)

   [ring of evasion]

   EV+5:      It affects your evasion (+5).
   Int+6:     It affects your intelligence (+6).
   rN+:       It protects you from negative energy.
 E - a +5 ring of evasion (left hand)
Talismans
 Y - a maw talisman
Wands
 b - a wand of polymorph (23)
 f - a wand of mindburst (32)
 r - a wand of warping (31)
 B - a wand of flame (7)
 C - a wand of charming (23)
 D - a wand of light (15)
 L - a wand of digging (4)
Scrolls
 e - 2 scrolls of fog
 y - 9 scrolls of vulnerability
 N - a scroll of enchant weapon
 P - a scroll of immolation
 W - 2 scrolls of silence
 Z - 3 scrolls of teleportation
Potions
 a - a potion of magic
 i - 3 potions of berserk rage
 j - 5 potions of cancellation
 l - 9 potions of curing
 m - 3 potions of invisibility
 t - 5 potions of enlightenment
 w - 5 potions of might
 x - 4 potions of brilliance
 z - 4 potions of lignification
 M - a potion of ambrosia {unknown}
 X - 2 potions of experience {unknown}


   Skills:
 + Level 14.1 Fighting
 - Level 14.0 Polearms
 - Level 0.8 Throwing
 - Level 0.7 Armour
 - Level 3.0 Dodging
 + Level 10.8 Spellcasting
 - Level 4.0 Conjurations
 - Level 5.0 Necromancy
 + Level 15.0 Translocations
 + Level 3.3 Air Magic
 - Level 7.5 Invocations


You had one spell level left.
You knew the following spells:

 Your Spells              Type           Power      Damage    Failure   Level
a - Manifold Assault      Tloc           47%        N/A       43%         7
b - Blink                 Tloc           100%       N/A       1%          2
c - Vhi's Electric Charg  Tloc/Air       100%       N/A       11%         4
d - Maxwell's Portable P  Tloc           94%        2d(14-41) 1%          3
e - Lesser Beckoning      Tloc           100%       N/A       1%          2
f - Momentum Strike       Conj/Tloc      100%       3d10      3%          2
g - Teleport Other        Tloc           94%        N/A       1%          3
h - Dispersal             Tloc           47%        N/A       13%         6
m - Sublimation of Blood  Necr           55%        N/A       10%         2
r - Iskenderun's Mystic   Conj/Tloc      76%        2d15      (+2d810%    4

Your spell library contained the following spells:

 Spells                   Type           Power      Damage    Failure   Level
 Sting                    Conj/Alch      100%       1d9       16%         1
 Freeze                   Ice            80%        1d9       30%         1
 Volatile Blastmotes      Fire/Tloc      100%       2d18      8%          3
 Gell's Gavotte           Tloc           47%        2d(32-48) 13%         6
 Dimensional Bullseye     Hex/Tloc       33%        N/A       17%         4
 Mercury Vapours          Alch/Air       66%        N/A       24%         2
 Swiftness                Air            46%        N/A       24%         3
 Hailstorm                Conj/Ice       36%        3d9       36%         3
 Ensorcelled Hibernation  Hex/Ice        40%        N/A       41%         2
 Frozen Ramparts          Ice            40%        1d7       58%         3
 Inner Flame              Hex/Fire       20%        N/A       58%         3
 Ozocubu's Armour         Ice            20%        N/A       58%         3
 Passwall                 Erth           20%        N/A       58%         3
 Tukima's Dance           Hex            20%        N/A       58%         3
 Fulminant Prism          Conj/Alch      18%        3d10      71%         4
 Arcjolt                  Conj/Air       24%        1d34      80%         5
 Olgreb's Toxic Radiance  Alch           20%        N/A       91%         4
 Petrify                  Alch/Erth      20%        N/A       91%         4
 Irradiate                Conj/Alch      18%        3d17      94%         5
 Disjunction              Tloc           47%        N/A       96%         8
 Metabolic Englaciation   Hex/Ice        10%        N/A       99%         5
 Haunt                    Necr/Summ      19%        N/A       100%        7
 Borgnjor's Revivificati  Necr           27%        N/A       100%        8
 Ignition                 Fire           10%        3d5       100%        8
 Maxwell's Capacitive Co  Air            23%        ∞         100%        8
 Death's Door             Necr           27%        N/A       100%        9


Dungeon Overview and Level Annotations

Branches:
Dungeon (15/15)            Temple (1/1) D:7            Lair (5/5) D:11
  Swamp (0/4) Lair:2        Snake (1/4) Lair:2        Slime (0/5) Lair:5
    Orc (2/2) D:12            Elf (0/3) Orc:2        Vaults (0/5) D:13
 Depths (0/4) D:15          Sewer (visited)

Altars:
Ashenzari
Cheibriados
Dithmenos
Elyvilon
Fedhas
Gozag
Hepliaklqana
Kikubaaqudgha
Makhleb
Nemelex Xobeh
Okawaru
Qazlal
Ru
Sif Muna
Trog
Uskayaw
Vehumet
Wu Jian
Xom
Yredelemnul
Zin
The Shining One
Jiyva

Shops:
D:1 :   Orc:2 :*[(

Portals:
Trove: D:13 (give 2 scrolls of acquirement)

Annotations:
D:3 1 runed translucent door, senf's ghost, amateur OnGl
D:5 Sigmund
D:7 exclusion: ice beast, Joseph


Innate Abilities, Weirdness & Mutations

Your serpentine skin is tough. (AC +5)
You have supernaturally acute eyesight. (SInv)
Armour fits poorly on your strangely shaped body.
Your system is resistant to poisons. (rPois)
You cover ground very slowly.
You can spit poison.
You can use your snake-like lower body to constrict enemies.


Message History

Press: ? - help, Shift-Dir - straight line, f - shock serpent
Aim: a shock serpent (chance to affect: 31%)
Okay, then.
Unknown command.
Casting: Dispersal (dangerous; 13% risk of failure)
Confirm with . or Enter, or press ? or * to list all spells.
Okay, then.
Press: ? - help, v - describe, . - travel A rock wall.
Casting: Dispersal (dangerous; 13% risk of failure)
Confirm with . or Enter, or press ? or * to list all spells.
Okay, then.
Casting: Dispersal (dangerous; 13% risk of failure)
Confirm with . or Enter, or press ? or * to list all spells.
Casting: Dispersal (dangerous; 13% risk of failure)
Press: ? - help, Dir - look around, f - activate The shock serpent blinks!
You feel sick.
Casting: Dispersal (dangerous; 13% risk of failure)
Confirm with . or Enter, or press ? or * to list all spells.
Okay, then.
Press: ? - help, v - describe, . - travel
Here: a shock serpent The floor.
You fade into invisibility!
You feel sick.
You feel sick. The shock serpent closely misses you.
The shock serpent bites you but does no damage.
The shock serpent closely misses you.
Casting: Dispersal (dangerous; 13% risk of failure)
Confirm with . or Enter, or press ? or * to list all spells.
Aiming: Teleport Other (safe; 1% risk of failure)
Press: ? - help, Shift-Dir - straight line, f - shock serpent
Aim: a shock serpent (unable to see you, chance to affect: 83%)
Okay, then.
You feel sick.
You are no longer poisoned.
The shock serpent bites you but does no damage.
The shock serpent bites you!
You die...
Cheibriados appreciates the motionlessness of death.

#### ###### #..# #....#
#..# #....# #..# +....#
#..# #....# ##..##
##....#
#########@...####<....#
........S.....##......#
......).......##......#
......).......####'####
...............###.####
...............)......#
......................#
......................#
......................#


You could see a shock serpent (unable to see you).

Vanquished Creatures
  Gastronok (D:11)
  2 orc warlords
  An eleionoma (Lair:2)
  Nessos (Orc:2)
  A fire dragon (D:14)
  Josephine (Orc:2)
  A catoblepas (Lair:3)
  A vault guard (D:13)
  3 ogre magi
  6 hydras
  An anaconda (Snake:1)
  A merfolk avatar (Lair:5)
  2 boulder beetles
  4 two-headed ogres (Orc:1)
  4 centaur warriors
  A dancing weapon (D:13)
  A death yak (Lair:4)
  A death knight (D:12)
  6 tengu warriors
  3 orc high priests (Orc:2)
  Sonja (Orc:2)
  5 skysharks
  Amaemon (D:9)
  Lodul (D:11)
  2 sea snakes (Lair:5)
  A mana viper (Snake:1)
  A naga ritualist (Snake:1)
  Pikel (D:4)
  2 harpies (Lair:5)
  A deep elf pyromancer (D:14)
  3 orc knights (Orc:2)
  A deep elf zephyrmancer (D:12)
  Maurice (D:9)
  9 ugly things (D:14)
  5 orc sorcerers
  4 cyclopes
  A kobold blastminer (Orc:1)
  3 manticores
  10 elephants
  10 black mambas
  A naga mage (Snake:1)
  3 torpor snails
  Maggie (D:10)
  11 cane toads
  An orange demon (D:9)
  2 kobold demonologists
  8 komodo dragons
  Jeremiah (D:9)
  2 rime drakes
  An efreet (D:12)
  A tengu conjurer (D:13)
  A troll (shapeshifter) (D:12)
  2 hornets
  10 trolls
  4 polar bears
  A wind drake (Lair:5)
  Grinder (D:6)
  21 blink frogs
  6 dream sheep (Lair:4)
  13 slime creatures
  2 vampires (D:10)
  A shadow (D:11)
  61 yaks
  9 wraiths
  5 basilisks
  10 wyverns
  2 steam dragons
  4 vampire mosquitoes
  5 nagas
  An acid dragon (D:7)
  28 water moccasins
  Duvessa (D:7)
  A swamp drake (D:12)
  37 orc warriors
  2 sky beasts
  2 ice beasts
  2 black bears
  9 wolves
  17 ogres
  4 lemures
  15 centaurs
  A phantom (D:5)
  2 kobold brigands
  2 brain worms (Sewer)
  14 bullfrogs
  A scorpion (D:6)
  6 wights
  Dowan (D:7)
  15 killer bees
  3 howler monkeys (D:12)
  A bombardier beetle (D:5)
  5 jellies
  23 orc priests
  A gnoll bouda (D:7)
  5 hounds
  5 iguanas
  39 orc wizards
  9 gnolls
  17 adders
  2 river rats (D:5)
  2 ufetubi (D:7)
  2 dart slugs
  5 ribbon worms (D:5)
  93 orcs
  10 ball pythons
  11 endoplasms
  2 giant cockroaches
  8 goblins
  7 hobgoblins
  8 jackals
  6 quokkas
  2 bats
  9 frilled lizards
  12 kobolds
  9 rats
752 creatures vanquished.

Vanquished Creatures (others)
  An acid dragon (D:12)
  An orc priest (Orc:1)
  An orc wizard (D:7)
3 creatures vanquished.

Grand Total: 755 creatures vanquished

Notes
Turn   | Place    | Note
-------+----------+-------------------------------------------
     0 | D:1      | pokedragonboy the Naga Warper began the quest for the Orb.
     0 | D:1      | Reached XP level 1. HP: 19/19 MP: 3/3
   117 | D:1      | Reached XP level 2. HP: 20/26 MP: 5/5
   215 | D:1      | Found Beitsig's Book Boutique.
   511 | D:1      | Reached XP level 3. HP: 30/32 MP: 6/6
   629 | D:1      | Found a faded altar of an unknown god.
  1533 | D:2      | Found a shimmering altar of Xom.
  1675 | D:2      | Learned a level 2 spell: Blink
  1679 | D:2      | Learned a level 3 spell: Maxwell's Portable Piledriver
  2073 | D:3      | Reached XP level 4. HP: 32/40 MP: 7/7
  2237 | D:3      | Noticed senf's ghost (amateur OnGl)
  2269 | D:3      | Found a runed translucent door.
  2359 | D:3      | Identified the ring of Circularity {rN+ EV+5 Int+6}
  2526 | D:3      | Identified the +1 leather armour of the Hippo {rElec Dex+5}
  2690 | D:4      | Noticed an ogre
  2766 | D:4      | Reached skill level 4 in Translocations
  2848 | D:4      | Reached XP level 5. HP: 33/46 MP: 8/8
  3107 | D:4      | Noticed a lemure
  3107 | D:4      | Noticed a lemure
  3107 | D:4      | Noticed Pikel
  3142 | D:3      | Killed a lemure
  3166 | D:3      | Killed a lemure
  3277 | D:4      | Noticed a lemure
  3277 | D:4      | Noticed a lemure
  3351 | D:4      | an ogre changed into a shapeshifter
  3351 | D:4      | Noticed a shapeshifter
  3352 | D:4      | a shapeshifter changed into an ice beast
  3352 | D:4      | Noticed an ice beast (shapeshifter)
  3354 | D:4      | an ice beast changed into a water moccasin
  3354 | D:4      | Noticed a water moccasin (shapeshifter)
  3605 | D:4      | Killed a lemure
  3627 | D:4      | Killed a lemure
  3696 | D:4      | HP: 2/48 [Pikel/+1 whip of freezing (2)]
  3697 | D:4      | Killed Pikel
  3698 | D:4      | Reached skill level 5 in Translocations
  3698 | D:4      | Reached XP level 6. HP: 3/57 MP: 0/11
  3698 | D:4      | Reached XP level 7. HP: 3/63 MP: 0/12
  3813 | D:4      | Noticed a harpy
  3813 | D:4      | a harpy changed into a naga
  3813 | D:4      | Noticed a naga (shapeshifter)
  3834 | D:5      | Entered Level 5 of the Dungeon
  3841 | D:5      | Noticed Sigmund
  3860 | D:5      | Reached skill level 5 in Polearms
  4107 | D:5      | Reached XP level 8. HP: 69/72 MP: 13/13
  4161 | D:5      | Reached skill level 6 in Translocations
  4183 | D:5      | Found a glowing drain.
  4188 | Sewer    | Entered a sewer
  5395 | D:6      | Reached skill level 7 in Translocations
  5657 | D:6      | Found a shadowy altar of Dithmenos.
  5780 | D:6      | Reached XP level 9. HP: 79/79 MP: 8/15
  5948 | D:6      | Noticed Grinder
  6026 | D:6      | Learned a level 3 spell: Teleport Other
  6031 | D:6      | Learned a level 4 spell: Vhi's Electric Charge
  6174 | D:6      | Found a blossoming altar of Fedhas.
  6194 | D:6      | Reached skill level 5 in Fighting
  6196 | D:6      | Paralysed by Grinder for 2 turns
  6208 | D:6      | Killed Grinder
  6468 | D:7      | Reached skill level 1 in Air Magic
  6874 | D:7      | Found a staircase to the Ecumenical Temple.
  6909 | Temple   | Entered the Ecumenical Temple
  6922 | Temple   | Became a worshipper of Cheibriados the Contemplative
  7237 | D:7      | Reached skill level 8 in Translocations
  7356 | D:7      | Noticed Joseph
  7365 | D:7      | Noticed Duvessa
  7365 | D:7      | Noticed Dowan
  7371 | D:7      | Killed Duvessa
  7374 | D:7      | Killed Dowan
  7659 | D:8      | Found an ancient bone altar of Kikubaaqudgha.
  7806 | D:8      | Reached * piety under Cheibriados
  7817 | D:8      | Reached XP level 10. HP: 84/91 MP: 17/17
  8387 | D:9      | Noticed Maurice
  8391 | D:9      | Maurice stole a ring of fire
  8391 | D:9      | Maurice stole 22 poisoned darts
  8415 | D:9      | Killed Maurice
  8415 | D:9      | Reached ** piety under Cheibriados
  8433 | D:9      | Noticed Amaemon
  8433 | D:9      | Noticed an orange demon
  8561 | D:9      | Paralysed by a hornet for 2 turns
  8574 | D:9      | Reached skill level 9 in Translocations
  8599 | D:9      | Noticed Jeremiah
  8625 | D:9      | Killed Jeremiah
  8639 | D:9      | Killed an orange demon
  8667 | D:9      | Found a glowing golden altar of the Shining One.
  8971 | D:9      | Found a hazy altar of Hepliaklqana.
  9013 | D:9      | Killed Amaemon
  9121 | D:9      | Found a glowing silver altar of Zin.
  9125 | D:9      | Found a shimmering blue altar of Sif Muna.
  9329 | D:9      | Learned a level 2 spell: Lesser Beckoning
  9403 | D:10     | Entered Level 10 of the Dungeon
  9430 | D:10     | Reached XP level 11. HP: 103/103 MP: 13/18
  9450 | D:10     | Reached skill level 1 in Invocations
  9520 | D:10     | Reached *** piety under Cheibriados
  9681 | D:10     | Noticed Maggie
  9688 | D:10     | Killed Maggie
  9908 | D:10     | Found a white marble altar of Elyvilon.
  9991 | D:10     | Noticed a tengu warrior
 10068 | D:10     | Found the +18 Lear's hauberk
 10114 | D:10     | Killed a tengu warrior
 10115 | D:10     | Reached skill level 10 in Translocations
 10666 | D:10     | Reached skill level 10 in Polearms
 10694 | D:10     | Noticed a boulder beetle
 10702 | D:10     | Reached **** piety under Cheibriados
 10730 | D:10     | Killed a boulder beetle
 10802 | D:10     | Noticed an ogre mage
 10878 | D:10     | Killed an ogre mage
 11195 | D:11     | Noticed Gastronok
 11198 | D:11     | You fall into a shaft and drop 3 floors!
 11199 | D:14     | Noticed a tengu warrior
 11216 | D:14     | Noticed a tengu warrior
 11227 | D:14     | Noticed a deep elf pyromancer
 11237 | D:14     | Killed a tengu warrior
 11238 | D:14     | Reached skill level 5 in Invocations
 11324 | D:14     | Killed a deep elf pyromancer
 11325 | D:14     | Reached XP level 12. HP: 115/115 MP: 11/19
 11395 | D:14     | Killed a tengu warrior
 11634 | D:12     | Identified the +10 spear of Duopumus {freeze, rF- rN+ Str+3
                  | Int+3}
 11638 | D:12     | Noticed a five-headed hydra
 11638 | D:12     | Noticed a centaur warrior
 11639 | D:12     | Noticed an ogre mage
 11640 | D:12     | Noticed a death knight
 11663 | D:12     | Killed a five-headed hydra
 11783 | D:12     | Reached skill level 11 in Translocations
 11838 | D:11     | Noticed Lodul
 11838 | D:11     | Found a staircase to the Lair.
 12109 | D:11     | Reached ***** piety under Cheibriados
 12120 | D:11     | Reached skill level 5 in Spellcasting
 12192 | D:11     | Reached skill level 10 in Fighting
 12200 | D:11     | Killed Lodul
 12354 | D:11     | Learned a level 2 spell: Momentum Strike
 12490 | D:11     | Killed Gastronok
 13114 | D:12     | Noticed a boulder beetle
 13165 | Lair:1   | Entered Level 1 of the Lair of Beasts
 13361 | Lair:1   | Gained mutation: You can use your snake-like lower body to
                  | constrict enemies. [Naga growth]
 13361 | Lair:1   | Reached XP level 13. HP: 119/124 MP: 14/22
 13384 | Lair:1   | Reached skill level 12 in Translocations
 14415 | Lair:2   | Found a staircase to the Snake Pit.
 14662 | Lair:2   | Learned a level 2 spell: Sublimation of Blood
 14971 | Lair:2   | Reached ****** piety under Cheibriados
 15095 | Lair:2   | Found a staircase to the Swamp.
 15095 | Lair:2   | Noticed an eleionoma
 15099 | Lair:2   | Reached skill level 1 in Necromancy
 15105 | Lair:2   | Killed an eleionoma
 15549 | Lair:2   | Found the +8 whip "Snakebite" {venom, curare, rPois}
 15922 | Lair:3   | Reached XP level 14. HP: 134/136 MP: 22/25
 16170 | Lair:3   | Reached skill level 13 in Translocations
 16996 | Lair:4   | Identified the +6 orcbow of Eptoubak {freeze, rF+}
 17742 | Lair:5   | Entered Level 5 of the Lair of Beasts
 17751 | Lair:5   | Found a viscous altar of Jiyva.
 17893 | Lair:5   | Found a staircase to the Slime Pits.
 17934 | Lair:5   | Reached skill level 5 in Necromancy
 18353 | Lair:5   | Identified the +10 orcbow "Piec" {speed, rElec rC+ Int+3}
 18360 | Lair:5   | Identified the +5 scale mail of the Great Game {Int+2}
 18372 | Lair:5   | Learned a level 4 spell: Iskenderun's Mystic Blast
 18483 | Lair:5   | Reached XP level 15. HP: 146/146 MP: 26/28
 19206 | D:12     | Found a staircase to the Orcish Mines.
 19304 | D:12     | Reached skill level 1 in Conjurations
 19487 | D:12     | Reached skill level 14 in Translocations
 20618 | D:13     | Found a gate to the Vaults.
 20627 | D:13     | Identified the +2 spear of the Hurtling Gods {flame, Will+}
 20762 | D:13     | Found a portal to a secret trove of treasure.
 21441 | D:14     | Reached skill level 10 in Spellcasting
 21796 | D:15     | Entered Level 15 of the Dungeon
 21796 | D:15     | Found a staircase to the Depths.
 21916 | Orc:1    | Entered Level 1 of the Orcish Mines
 22111 | Orc:1    | Noticed an orc warlord
 22122 | Orc:1    | Killed an orc warlord
 22464 | Orc:2    | Entered Level 2 of the Orcish Mines
 22466 | Orc:2    | Found a staircase to the Elven Halls.
 22514 | Orc:2    | Noticed Nessos
 22523 | Orc:2    | Killed Nessos
 22560 | Orc:2    | Noticed Sonja
 22569 | Orc:2    | Killed Sonja
 22824 | Orc:2    | Noticed Josephine
 22832 | Orc:2    | Killed Josephine
 22848 | Orc:2    | Reached XP level 16. HP: 158/158 MP: 28/30
 22878 | Orc:2    | HP: 2/158 [orc warlord/+0 great mace (35)]
 23436 | Orc:2    | Found Vyqyr's Antique Armour Shoppe.
 23437 | Orc:2    | Found Qocik's Antique Weapon Emporium.
 23438 | Orc:2    | Found Vilunek's General Store.
 23438 | Orc:2    | Found Qacuyt's Book Shoppe.
 23471 | Orc:2    | Bought a book of the Warp for 868 gold pieces
 23479 | Orc:2    | Learned a level 7 spell: Manifold Assault
 23720 | Orc:2    | Learned a level 6 spell: Dispersal
 24201 | Snake:1  | Entered Level 1 of the Snake Pit
 24214 | Snake:1  | Reached skill level 15 in Translocations
 24238 | Snake:1  | HP: 6/158 [shock serpent (14)]
 24242 | Snake:1  | Slain by a shock serpent

Illustrated notes

Levels and vault maps discovered:
D:1:      amcnicky_arrival_flooded_fountain, layout_loops_ring, serial_shops,
          nicolae_shop_competitors_out_of_business,
          hellmonk_ecumenical_altar_inner_sanctum
D:2:      layout_basic, serial_corexii_hall, corexii_hall_statues_t,
          corexii_hall_statues_i, basic_altar, minmay_parallelograms
D:3:      layout_loops_ring, serial_bayou, serial_bayou_pond_a,
          serial_bayou_pond_d, serial_bayou_pond_e, serial_bayou_pond_e,
          hellmonk_ghost_happy_afterlife
D:4:      layout_loops_ring, uniq_pikel
D:5:      layout_cave_pools, lightli_sewer_entry_pipes, uniq_sigmund
D:6:      layout_basic, kennysheep_little_box, grunt_dithmenos_smoke,
          uniq_grinder
D:7:      layout_basic, minmay_temple_entry_glass, uniq_joseph, uniq_duvessa
D:8:      layout_basic, lemuel_doored_altar, hangedman_decor_push
D:9:      layout_long_grid, tso_oasis_becter, nicolae_overflow_hidden_temple,
          enter_bailey_5, uniq_maurice, uniq_amaemon, uniq_jeremiah
D:10:     minmay_slanted_spiral_squares, layout_loops_corners,
          mainiacjoe_overflow_alcove_2, minmay_misc_feat_secret_circle,
          serial_library_hellmonk_layered_room, hellmonk_guarded_unrand_lears,
          uniq_maggie
D:11:     layout_loops_ring, minmay_lair_entry_grove, uniq_lodul, uniq_gastronok
D:12:     layout_irregular_city, erik_orc_1, minivault_28
D:13:     minmay_general_purpose_star, layout_long_grid, erik_vaults_1,
          nicolae_trove_entry_diagonal, amcnicky_mini_corridor_feature
D:14:     layout_loops_ring
D:15:     gammafunk_depths_entry_grave, layout_irregular_city,
          nicolae_uskayaw_en_pointe, serial_shops, shop, uniq_jorgrun
Temple:   eino_temple_lava
Lair:1:   layout_cave_pods, grunt_forest_small_clearings
Lair:2:   minmay_guarded_unrand_snakebite, layout_loops_ring,
          alex1729_swamp_entry_worm_eleionoma,
          minmay_snake_entry_guardpost_small, beast_lair_carwin_4,
          infiniplex_staircase_pool_2, grunt_megastairs_3
Lair:3:   layout_cellular_growth, forest_entry_grove
Lair:4:   layout_regular_city, st_stairs_11, grunt_megastairs_4
Lair:5:   gammafunk_lair_ancient_temple, layout_concentric_octagons,
          nicolae_slime_entry_field_trip
Snake:1:  layout_grid_maze, nicolae_snake_gridmaze_waves, uniq_asterion
Orc:1:    layout_diamond_mine, mines4_lemuel
Orc:2:    st_orc_congregation, layout_diamond_mine, uniq_sonja, uniq_nessos,
          uniq_josephine

Skill      XL: |  1  2  3  4  5  6  7  8  9 10 11 12 13 14 15 16 |
---------------+-------------------------------------------------+-----
Polearms       | 3 4 5 6 7 9 10 11 12 13 14 | 14.0
Translocations | 4 5 7 8 9 10 11 12 13 14 15 | 15.0
Fighting       | 3 4 6 8 9 10 11 12 13 14 | 14.1
Spellcasting   | 3 4 6 7 9 10 | 10.8
Air Magic      | 2 3 |  3.3
Dodging        | 3 |  3.0
Invocations    | 5 6 7 |  7.5
Necromancy     | 2 5 |  5.0
Conjurations   | 4 |  4.0
Throwing       | |  0.8
Armour         | |  0.7

Action                     |  1- 3 |  4- 6 |  7- 9 | 10-12 | 13-15 | 16-18 || total
---------------------------+-------+-------+-------+-------+-------+-------++-------
  Melee: Spear             |   177 |   207 |   372 |   302 |   993 |   132 ||  2183
         Trident           |       |       |       |   123 |       |       ||   123
         Halberd           |       |       |       |    67 |       |       ||    67
         Constrict         |       |       |       |       |   228 |    26 ||   254
   Cast: Maxwell's Portabl |       |     5 |    37 |    49 |    29 |     1 ||   121
         Blink             |       |     3 |     5 |    11 |     2 |       ||    21
         Teleport Other    |       |       |     3 |     8 |     1 |       ||    12
         Vhi's Electric Ch |       |       |     1 |    49 |    86 |     5 ||   141
         Momentum Strike   |       |       |       |     4 |    13 |       ||    17
         Lesser Beckoning  |       |       |       |     2 |     5 |     3 ||    10
         Iskenderun's Myst |       |       |       |       |    26 |    16 ||    42
         Dispersal         |       |       |       |       |       |     1 ||     1
Ability: Spit Poison       |     5 |    21 |    66 |    67 |    33 |     4 ||   196
  Evoke: Wand              |       |     3 |     2 |     4 |       |       ||     9
    Use: Scroll            |       |     5 |     6 |    12 |     9 |     3 ||    35
         Potion            |       |       |     3 |     8 |     2 |     2 ||    15
   Stab: Sleeping          |     1 |     2 |     3 |       |     2 |       ||     8
         Distracted        |       |       |       |       |     1 |       ||     1
 Armour: Leather armour    |   105 |   112 |   210 |   337 |   386 |    40 ||  1190
         Plate armour      |       |       |       |       |       |    28 ||    28
  Dodge: Dodged            |    77 |   114 |   284 |   649 |   646 |    79 ||  1849
         Repelled          |       |       |     4 |     9 |       |       ||    13

Table legend: (Time is in decaauts)
 A = Elapsed time spent in this place.
 B = Non-inter-level travel time spent in this place.
 C = Inter-level travel time spent in this place.
 D = Time resting spent in this place.
 E = Time spent auto-exploring this place.
 F = Levels seen in this place.
 G = Mean time per level.
                   A        B        C        D        E       F      G
               +--------+--------+--------+--------+--------+-----+--------+
         Total |  41697 |  38273 |   3424 |   2132 |  28505 |  25 | 1667.9 |
       Dungeon |  25322 |  23322 |   2000 |   1561 |  16808 |  15 | 1688.1 |
        Temple |     30 |     22 |      8 |      0 |      0 |   1 |   30.0 |
          Lair |  12041 |  10865 |   1176 |    298 |   9181 |   5 | 2408.2 |
     Snake Pit |     72 |     72 |      0 |      0 |     34 |   1 |   72.0 |
  Orcish Mines |   3722 |   3484 |    238 |    272 |   2182 |   2 | 1861.0 |
         Sewer |    510 |    510 |      0 |      0 |    298 |   1 |  510.0 |
               +--------+--------+--------+--------+--------+-----+--------+

Top non-repeatable levels by time:
  Lair:1: 3051 daAuts
    D:13: 2930 daAuts
    D:10: 2896 daAuts
  Lair:2: 2585 daAuts
    D:12: 2534 daAuts
   Orc:2: 2467 daAuts
    D:14: 2385 daAuts
    D:11: 2354 daAuts
  Lair:3: 2346 daAuts
  Lair:4: 2122 daAuts
  Lair:5: 1935 daAuts
     D:9: 1791 daAuts
     D:6: 1515 daAuts
     D:8: 1421 daAuts
     D:7: 1348 daAuts
